 Dungeon Crawl Stone Soup version 0.29.1-15-g9cfb28693d (webtiles) character file.

Game seed: 9931795682734687704

183 protoss039 the Digger (level 5, 38/38 HPs)
             Began as a Demonspawn Earth Elementalist on Mar 12, 2023.
             Got out of the dungeon alive.
             The game lasted 00:04:18 (2624 turns).

protoss039 the Digger (DsEE)                        Turns: 2624, Time: 00:04:18

Health: 38/38      AC:  4    Str:  8    XL:     5   Next: 35%
Magic:  9/9        EV: 11    Int: 19    God:
Gold:   119        SH:  0    Dex: 13    Spells: 4/10 levels left

rFire   . . .      SeeInvis .   f - +0 dagger
rCold   . . .      Faith    .   (no shield)
rNeg    . . .      Spirit   .   c - +1 leather armour
rPois   .          Reflect  .   (helmet restricted)
rElec   .          Harm     .   (no cloak)
rCorr   .          Rampage  .   (no gloves)
Will    .....                   (no boots)
Stlth   ++........              (no amulet)
HPRegen 0.12/turn               (no ring)
MPRegen 0.11/turn               (no ring)

@: no status effects
A: horns 1, powered by death 2, sanguine armour 1
a: no special abilities


You escaped.
You visited 1 branch of the dungeon, and saw 4 of its levels.

You collected 119 gold pieces.

Inventory:

Hand Weapons
 f - a +0 dagger (weapon)
Missiles
 a - 5 curare-tipped darts (quivered)
Armour
 c - a +1 leather armour (worn)
Scrolls
 b - a scroll of immolation {unknown}
 e - a scroll of identify
 h - a scroll of poison {unknown}
 i - 2 scrolls of blinking
 m - a scroll of enchant weapon {unknown}
 n - a scroll of teleportation {unknown}


   Skills:
 + Level 2.3 Fighting
 * Level 1.6 Armour
 - Level 1.7 Dodging
 - Level 1.7 Stealth
 + Level 3.1 Spellcasting
 + Level 1.1 Conjurations
 - Level 0.8 Transmutations
 + Level 3.6 Earth Magic


You had 4 spell levels left.
You knew the following spells:

 Your Spells              Type           Power      Damage    Failure   Level
a - Sandblast             Erth           32%        2d9       4%          1
b - Passwall              Tmut/Erth      9%         N/A       13%         2
c - Stone Arrow           Conj/Erth      24%        3d8       24%         3

Your spell library contained the following spells:

 Spells                   Type           Power      Damage    Failure   Level
 Wereblood                Tmut           6%         N/A       22%         2
 Blink                    Tloc           4%         N/A       32%         2
 Sublimation of Blood     Necr           2%         N/A       32%         2
 Petrify                  Tmut/Erth      11%        N/A       63%         4
 Leda's Liquefaction      Hex/Erth       4%         N/A       69%         4
 Lee's Rapid Deconstruct  Erth           8%         3d8*      80%         5
 Manifold Assault         Tloc           2%         N/A       99%         5
 Statue Form              Tmut/Erth      7%         N/A       100%        6
 Storm Form               Tmut/Air       2%         N/A       100%        7
 Summon Hydra             Summ           1%         N/A       100%        7


Dungeon Overview and Level Annotations

Branches:
Dungeon (4/15) Zot: 21315
 Temple: D:4-7

Altars:
Uskayaw


Innate Abilities, Weirdness & Mutations

You have a pair of small horns on your head.
You regenerate health from kills.
When seriously injured, your blood forms armour. (AC +0)


Message History

There are monsters nearby!
There are monsters nearby!
There are monsters nearby!
There are monsters nearby!
There are monsters nearby!
There are monsters nearby!
There are monsters nearby!
There are monsters nearby!
There are monsters nearby!
There are monsters nearby!
The bat zombie closely misses you. The bat zombie closely misses you.
The bat zombie barely misses you.
The bat zombie hits you but does no damage.
The bat zombie attacks as you move away!
The bat zombie barely misses you.
The withered plant crumbles away.
The bat zombie barely misses you.
The bat zombie hits you but does no damage.
The bat zombie hits you. x2
The bat zombie barely misses you.
The bat zombie hits you but does no damage.
The bat zombie attacks as you move away!
The bat zombie hits you but does no damage.
The bat zombie barely misses you.
The bat zombie attacks as you move away!
The bat zombie closely misses you.
The bat zombie hits you but does no damage.
The bat zombie closely misses you.
There is a stone staircase leading up here.
The bat zombie closely misses you. x3
You climb upwards.
There is a stone staircase leading down, spattered with blood here.
Unknown command.
No target in view!
HP restored.
There is an open door here.
You enter the shallow water.
Moving in this stuff is going to be slow.
There is a staircase leading out of the dungeon here.
Are you sure you want to leave the Dungeon?
This will make you lose the game!
You have escaped!

##...##............##......#
##....#.#.#######.#########
##.#.....# ####.######
###.###.#.####.........#
###...#..................#
.#..###..##.####....(....#
.[.###...#..####+####...##
...###...#..#≈≈≈≈≈≈≈#...#
#...........#≈#~@~#~#...#
..####.##.###~#~###~#...#
### #..##...#~~~~~~##...# #
#.##...########~#...#
##.......'..#~~~######
#.....####.##~##~# ##...###
#....##.# ###...##
########'#
......######..#.###.#


There were no monsters in sight!

Vanquished Creatures
  An orc priest (D:4)
  An iguana (D:4)
  2 orc wizards (D:4)
  A gnoll (D:1)
  An adder (D:4)
  An adder skeleton (D:2)
  A worm (D:2)
  An orc (D:4)
  4 ball pythons
  A bat zombie (D:2)
  4 endoplasms (D:1)
  A giant cockroach (D:1)
  5 goblins
  8 hobgoblins
  6 quokkas
  A ball python zombie (D:2)
  A bat (D:1)
  5 frilled lizards
  A jackal zombie (D:2)
  4 kobolds
  4 rats
54 creatures vanquished.

Vanquished Creatures (others)
  An orc (D:4)
  2 withered plants (D:2)
3 creatures vanquished.

Grand Total: 57 creatures vanquished

Notes
Turn   | Place    | Note
-------+----------+-------------------------------------------
     0 | D:1      | protoss039 the Demonspawn Earth Elementalist began the
                  | quest for the Orb.
     0 | D:1      | Reached XP level 1. HP: 13/13 MP: 3/3
   278 | D:1      | Gained mutation: You regenerate a little health from kills.
                  | [demonic ancestry]
   278 | D:1      | Reached XP level 2. HP: 20/20 MP: 3/5
   347 | D:1      | Reached skill level 1 in Fighting
   538 | D:1      | HP: 1/21 [gnoll/+0 club (3)]
   540 | D:1      | Gained mutation: When seriously injured, your blood forms
                  | armour. (AC +0) [demonic ancestry]
   540 | D:1      | Reached XP level 3. HP: 4/26 MP: 0/6
   694 | D:1      | Learned a level 2 spell: Passwall
  1273 | D:1      | Learned a level 3 spell: Stone Arrow
  1754 | D:2      | You fall into a shaft and drop 2 floors!
  1776 | D:4      | Identified a scroll of acquirement
  1776 | D:4      | Acquired a book of the Earth
  1785 | D:4      | Gained mutation: You regenerate health from kills. [demonic
                  | ancestry]
  1785 | D:4      | Reached XP level 4. HP: 6/33 MP: 3/8
  1785 | D:4      | HP: 1/33 [orc/+1 mace of holy wrath (3)]
  1791 | D:4      | Reached skill level 1 in Armour
  1807 | D:4      | Gained mutation: You have a pair of small horns on your
                  | head. [demonic ancestry]
  1807 | D:4      | Reached XP level 5. HP: 8/38 MP: 1/9
  1813 | D:4      | Reached skill level 1 in Conjurations
  2099 | D:4      | HP: 1/38 [iguana (5)]
  2392 | D:3      | Found a hide-covered altar of Uskayaw.
  2624 | D:$      | Got out of the dungeon alive.

Illustrated notes

Levels and vault maps discovered:
D:1:      ncdulo_wetmaze, layout_rooms, serial_corexii_hall,
          chequers_hall_statues_y, corexii_hall_statues_l
D:2:      minmay_wonky_spiral, layout_basic, serial_shops,
          nicolae_shop_bloodbath_and_beyond, serial_undead, serial_undead_f,
          serial_undead_d, serial_undead_b, serial_undead_d, serial_undead_b,
          hellmonk_ecumenical_altar_dog_temple
D:3:      layout_basic, nicolae_uskayaw_dance_hall
D:4:      minmay_chambers_of_fours, layout_loops_cross,
          mainiacjoe_overflow_alcove_1, minmay_temple_entry_junction,
          nicolae_ossuary_entry_monument

Skill      XL: |  1  2  3  4  5 |
---------------+----------------+-----
Fighting       | 1 2 |  2.3
Earth Magic    | 3 |  3.6
Armour         | 1 |  1.6
Spellcasting   | 3 |  3.1
Conjurations   | 1 |  1.1
Dodging        | |  1.7
Stealth        | |  1.7
Transmutations | |  0.8

Action                   |  1- 3 |  4- 6 || total
-------------------------+-------+-------++-------
Melee: Club              |     3 |       ||     3
       Dagger            |    11 |    26 ||    37
       Headbutt          |       |     3 ||     3
Throw: Dart              |       |     2 ||     2
 Cast: Sandblast         |    75 |    15 ||    90
  Use: Scroll            |     8 |       ||     8
       Potion            |     2 |     1 ||     3
 Stab: Sleeping          |     1 |       ||     1
       Invisible         |       |     1 ||     1
Armor: Leather armour    |    32 |    14 ||    46
Dodge: Dodged            |    42 |    29 ||    71
